Map: Seeds of Aiur

Players

qqq - Winner!

  • Race: Protoss Protoss
  • Spawn Location: 7:00

ILIEKEGGPIE - Winner!

  • Race: Protoss Protoss
  • League: Platinum
  • Spawn Location: 7:00

Dimodead

  • Race: Zerg Zerg
  • Spawn Location: 1:00

AshenOne

  • Race: Protoss Protoss
  • Spawn Location: 1:00

VOD

Have the link to the VOD?

Description

Time

  • Played on: April 11, 2018, 12:16 p.m.
  • Length: 18:03
Show
View Real Time Build Order
Export as new Build Order

qqq Protoss - Winner!

Build Orders:  

Get SALT Encoding   

  12  0:02  Probe  
  13  0:14  Probe  
  14  0:29  Pylon  
  14  0:30  Probe  
  15  0:47  Gateway, Probe  
  16  0:56  Assimilator  
  16  0:59  Probe  
  17  1:11  Probe, Pylon  
  18  1:23  Probe  
  19  1:28  Gateway  
  19  1:35  Probe  
  19  1:38  Cybernetics Core  
  19  1:39  Zealot (Chrono Boost)  
  22  1:47  Probe  
  23  1:59  Probe  
  23  2:00  Assimilator  
  24  2:02  Zealot  
  26  2:12  Probe  
  27  2:16  Stalker  
  31  2:30  Sentry  
  31  2:44  Pylon  
  31  2:48  Shield Battery  
  31  2:51  Forge  
  31  3:16  Stalker  
  33  3:21  Protoss Shields Level 1 (Chrono Boost)  
  33  3:46  Stalker, Nexus  
  33  3:47  Probe  
  33  3:48  Pylon  
  36  3:59  Probe  
  37  4:04  Adept  
  37  4:06  Warp Gate (Chrono Boost)  
  39  4:16  Stalker  
  41  4:47  Gateway  
  41  4:50  Gateway  
  41  4:52  Gateway  
  41  5:07  Protoss Ground Weapons Level 1 (Chrono Boost)  
  41  5:22  Robotics Facility  
  41  5:23  Probe (Chrono Boost)  
  42  5:35  Probe (Chrono Boost)  
  43  5:40  Probe (Chrono Boost)  
  44  5:49  Probe  
  45  6:07  Twilight Council  
  45  6:14  Probe (Chrono Boost)  
  45  6:15  Assimilator  
  46  6:19  Assimilator  
  46  6:24  Probe (Chrono Boost)  
  47  6:29  Probe (Chrono Boost)  
  48  6:40  Probe  
  49  6:50  Blink  
  49  6:53  Warp Prism  
  51  7:08  Probe (Chrono Boost)  
  52  7:10  Protoss Ground Armor Level 1 (Chrono Boost)  
  52  7:18  Probe (Chrono Boost)  
  53  7:23  Probe (Chrono Boost)  
  53  7:26  Templar Archives  
  53  7:29  Observer  
  55  7:34  Probe  
  56  7:50  Immortal  
  60  8:11  Zealot  
  60  8:36  Pylon  
  60  8:40  Pylon  
  60  8:42  Shield Battery  
  60  8:47  Nexus  
  60  8:51  Pylon  
  60  8:57  Protoss Ground Weapons Level 2  
  60  9:02  Psionic Storm, Charge  
  56  9:33  Stalker x2  
  60  9:45  High Templar  
  60  9:46  High Templar x2  
  66  10:41  Probe  
  67  10:53  Probe  
  68  11:05  Probe  
  68  11:07  Stalker x5  
  79  11:17  Probe  
  80  11:23  Assimilator  
  80  11:28  Assimilator  
  80  11:54  Probe  
  81  12:06  High Templar x2, Probe  
  81  12:07  High Templar x3  
  92  12:11  Archon x2  
  92  12:18  Probe  
  93  12:30  Probe  
  60  14:37  High Templar x2  
  60  14:38  High Templar x3  
  68  14:50  Archon x2  
  68  14:57  Immortal  
  72  15:03  Protoss Shields Level 2 (Chrono Boost)  
  72  15:33  High Templar x3  
  72  15:34  High Templar x2  
  82  15:36  Immortal  
  86  15:46  Gateway  
  86  15:52  Gateway  
  86  16:00  Gateway  
  86  16:01  Gateway  
  86  16:03  Gateway  
  86  16:05  Gateway  
  86  16:08  Gateway  
  86  16:11  Gateway  
  86  16:15  Immortal  
  90  16:30  High Templar  
  90  16:31  High Templar x3  
  90  16:32  High Templar  
  100  16:44  Archon x2  
  100  17:16  Pylon  
  100  17:18  Pylon  
  100  17:21  Immortal  
  100  17:22  Pylon  
  98  17:23  Pylon  
  98  17:28  Pylon  
  82  17:30  Pylon  
  82  17:33  Pylon  
Show
View Real Time Build Order
Export as new Build Order

ILIEKEGGPIE Protoss - Winner!

Build Orders:  

Get SALT Encoding   

  12  0:00  Probe  
  13  0:13  Probe  
  14  0:19  Pylon  
  14  0:25  Probe (Chrono Boost)  
  15  0:38  Probe (Chrono Boost)  
  16  0:44  Gateway  
  16  0:45  Probe (Chrono Boost)  
  17  0:56  Assimilator  
  17  1:00  Gateway  
  17  1:09  Probe (Chrono Boost)  
  18  1:22  Probe (Chrono Boost)  
  19  1:26  Pylon  
  19  1:35  Cybernetics Core  
  19  1:39  Probe  
  20  1:42  Assimilator  
  20  1:51  Gateway  
  20  1:52  Probe  
  21  2:04  Probe  
  22  2:11  Adept  
  22  2:12  Adept  
  25  2:16  Probe  
  25  2:20  Warp Gate (Chrono Boost)  
  26  2:39  Pylon  
  26  2:40  Adept x2  
  30  2:57  Adept  
  30  2:58  Pylon  
  32  3:00  Pylon  
  32  3:52  Stalker  
  32  3:53  Stalker x2  
  38  4:01  Robotics Facility  
  38  4:04  Gateway  
  38  4:18  Nexus  
  38  4:26  Probe  
  39  4:39  Probe  
  40  4:45  Pylon  
  40  4:52  Observer (Chrono Boost), Probe  
  42  5:04  Probe  
  43  5:07  Gateway  
  43  5:09  Gateway  
  43  5:10  Immortal (Chrono Boost)  
  47  5:34  Probe (Chrono Boost)  
  48  5:44  Probe (Chrono Boost)  
  48  5:49  Immortal (Chrono Boost), Probe (Chrono Boost)  
  49  5:56  Stalker  
  49  5:57  Stalker  
  58  6:01  Probe  
  59  6:34  Warp Prism (Chrono Boost)  
  61  6:45  Probe (Chrono Boost)  
  63  6:47  Assimilator  
  63  6:50  Pylon, Probe (Chrono Boost)  
  63  6:52  Pylon  
  63  6:53  Assimilator  
  63  6:58  Probe (Chrono Boost)  
  64  7:28  Stalker x4, Sentry  
  74  7:32  Probe (Chrono Boost)  
  76  7:37  Probe (Chrono Boost)  
  76  7:41  Probe (Chrono Boost)  
  78  7:45  Probe (Chrono Boost)  
  78  7:56  Adept x5  
  88  8:00  Immortal  
  92  8:25  Probe (Chrono Boost)  
  92  8:30  Probe (Chrono Boost)  
  92  8:31  Robotics Facility  
  93  8:34  Probe (Chrono Boost)  
  93  8:35  Robotics Facility  
  93  8:38  Probe (Chrono Boost)  
  94  8:51  Pylon  
  94  8:52  Pylon  
  94  9:01  Pylon x2  
  94  9:06  Probe  
  94  9:09  Probe, Nexus  
  95  9:22  Probe  
  84  9:26  Immortal (Chrono Boost)  
  84  9:27  Immortal (Chrono Boost)  
  96  9:38  Immortal (Chrono Boost)  
  90  10:01  Warp Prism (Chrono Boost)  
  90  10:02  Warp Prism (Chrono Boost)  
  94  10:16  Assimilator  
  94  10:26  Assimilator  
  94  10:39  Pylon  
  94  10:49  Immortal  
  106  10:50  Immortal x2  
  106  10:55  Pylon  
  106  11:01  Zealot x3  
  106  11:02  Sentry x2  
  106  11:03  Stalker  
  114  11:29  Adept x3  
  114  11:30  Adept  
  118  11:45  Stalker x2  
  120  11:50  Pylon  
  110  12:08  Zealot x5  
  120  12:26  Forge  
  120  12:27  Forge  
  98  12:56  Protoss Ground Weapons Level 1 (Chrono Boost)  
  98  12:57  Protoss Ground Armor Level 1 (Chrono Boost)  
  98  13:03  Robotics Bay  
  98  13:25  Stalker x4  
  98  13:55  Twilight Council  
  98  14:15  Extended Thermal Lance  
  94  14:19  Colossus x2 (Chrono Boost)  
  108  14:29  Colossus (Chrono Boost)  
  107  14:38  Protoss Ground Armor Level 2 (Chrono Boost), Pylon, Protoss Ground Weapons Level 2 (Chrono Boost)  
  107  14:39  Pylon  
  107  14:46  Charge  
  107  14:57  Stalker  
  107  14:58  Stalker x4  
  107  14:59  Sentry  
  119  15:03  Photon Cannon  
  119  15:14  Colossus (Chrono Boost)  
  137  15:24  Colossus x2 (Chrono Boost)  
  137  15:27  Pylon  
  137  15:31  Nexus  
  137  15:42  Stalker x2  
  139  15:43  Stalker x2  
  145  16:08  Colossus (Chrono Boost)  
  163  16:16  Pylon  
  163  16:17  Colossus x2 (Chrono Boost)  
  163  16:18  Pylon  
  161  16:53  Colossus  
  167  17:03  Colossus  
  167  17:04  Colossus  
  179  17:18  Pylon  
  179  17:19  Pylon  
  137  17:46  Stalker x4  
  137  17:47  Stalker x2  
Show
View Real Time Build Order
Export as new Build Order

Dimodead Zerg 

Build Orders: Pool First 

Get SALT Encoding   

  12  0:01  Drone  
  13  0:09  Drone  
  14  0:17  Overlord  
  14  0:22  Extractor  
  14  0:24  Drone  
  15  0:44  Spawning Pool, Drone  
  15  0:50  Drone  
  15  0:51  Drone  
  15  0:56  Drone  
  18  1:08  Drone  
  19  1:17  Extractor  
  18  1:19  Overlord  
  18  1:28  Drone  
  18  1:31  Queen  
  21  1:43  Zergling x2  
  22  1:52  Drone  
  23  1:59  Roach Warren  
  22  2:04  Zergling x2  
  23  2:10  Queen  
  25  2:27  Zergling x2  
  25  2:28  Overlord  
  26  2:36  Drone  
  27  2:44  Roach  
  27  2:47  Roach  
  27  2:48  Roach  
  27  2:49  Hatchery  
  32  2:54  Drone  
  32  2:58  Extractor  
  31  3:13  Ravager  
  31  3:15  Roach x2  
  36  3:27  Roach  
  38  3:39  Overlord x3  
  37  4:07  Drone x4  
  41  4:13  Metabolic Boost  
  41  4:21  Drone x2  
  43  4:27  Drone  
  43  4:31  Drone x4  
  47  4:36  Roach  
  50  4:41  Ravager x2  
  52  4:56  Lair  
  52  5:02  Roach  
  52  5:03  Drone  
  52  5:04  Overlord, Drone x3  
  58  5:10  Extractor  
  58  5:11  Drone  
  58  5:12  Drone, Extractor  
  58  5:20  Drone x3  
  58  5:21  Drone  
  62  5:52  Roach x4  
  62  5:53  Roach x2  
  62  5:56  Glial Reconstitution  
  74  6:05  Evolution Chamber  
  74  6:07  Evolution Chamber  
  74  6:08  Drone x3  
  75  6:13  Evolution Chamber  
  74  6:18  Drone  
  74  6:19  Drone  
  74  6:25  Overlord x3  
  76  6:45  Zerg Melee Weapons Level 1  
  76  6:46  Zerg Missile Weapons Level 1  
  76  6:47  Zerg Ground Armor Level 1  
  76  6:58  Hydralisk Den  
  76  6:59  Roach x5  
  85  7:23  Ravager x2  
  85  7:25  Roach x2  
  87  7:56  Ravager  
  87  7:58  Hydralisk x2  
  90  7:59  Overlord x3  
  90  8:00  Overlord  
  87  8:14  Hydralisk x2  
  91  8:26  Grooved Spines  
  91  8:36  Roach x4  
  91  8:38  Ravager x4  
  91  8:39  Ravager  
  104  8:42  Hydralisk x2  
  108  9:00  Hatchery  
  104  9:26  Hydralisk x6  
  104  9:27  Hydralisk  
  104  9:30  Zerg Melee Weapons Level 2  
  103  10:13  Drone x2  
  103  10:14  Drone x5  
  108  10:15  Queen  
  108  10:20  Zerg Ground Armor Level 2, Zerg Missile Weapons Level 2  
  112  10:23  Tunneling Claws  
  112  10:25  Muscular Augments  
  112  10:50  Drone x3  
  112  10:54  Extractor  
  112  10:55  Extractor  
  113  11:10  Infestation Pit  
  112  11:13  Hydralisk x6  
  112  11:14  Hydralisk  
  121  11:44  Drone  
  121  11:45  Drone x2  
  124  12:06  Spore Crawler  
  124  12:07  Spore Crawler, Drone x2  
  124  12:08  Spore Crawler  
  123  12:10  Queen  
  125  12:23  Roach x2  
  125  12:24  Overlord  
  125  12:25  Overlord x3  
  114  12:59  Roach x2  
  114  13:00  Roach x7  
  114  13:01  Roach x7  
  114  13:02  Roach  
  148  13:12  Drone  
  149  13:19  Hive  
  130  13:45  Ravager x5  
  130  13:46  Ravager x7  
  130  13:47  Ravager  
  143  13:50  Hydralisk x5  
  143  13:51  Hydralisk x4  
  143  13:53  Overlord x3  
  136  14:39  Hydralisk x4  
  136  14:40  Hydralisk x5  
  154  15:07  Ultralisk Cavern  
  153  15:17  Zerg Missile Weapons Level 3, Zerg Melee Weapons Level 3  
  153  15:18  Zerg Ground Armor Level 3  
  153  15:27  Hydralisk x6  
  153  15:28  Hydralisk  
  167  15:29  Hatchery, Zergling x2  
  167  15:31  Zergling x2  
  168  15:44  Hydralisk  
  170  15:59  Extractor  
  166  16:19  Hatchery  
  165  16:30  Ultralisk  
  171  16:41  Drone x4  
  171  16:42  Drone x2  
  177  16:47  Drone x3  
  177  16:48  Drone x2  
  182  17:11  Spire  
  131  17:33  Viper  
  77  17:38  Roach x2  
  77  17:39  Roach x3  
  77  17:40  Roach  
Show
View Real Time Build Order
Export as new Build Order

AshenOne Protoss 

Build Orders:  

Get SALT Encoding   

  12  0:13  Probe  
  13  0:25  Probe (Chrono Boost)  
  15  0:36  Pylon, Probe (Chrono Boost)  
  15  1:11  Gateway  
  15  1:13  Gateway  
  15  1:17  Gateway  
  15  1:24  Pylon  
  15  1:50  Pylon  
  15  2:02  Pylon  
  15  2:22  Zealot x2  
  19  2:23  Zealot  
  19  2:27  Probe (Chrono Boost)  
  23  2:37  Probe (Chrono Boost)  
  23  2:40  Cybernetics Core  
  23  2:42  Probe (Chrono Boost)  
  23  2:47  Forge  
  23  2:49  Zealot  
  23  2:50  Zealot x2  
  30  2:54  Probe  
  31  3:40  Photon Cannon  
  29  3:42  Photon Cannon  
  29  3:45  Photon Cannon  
  27  4:19  Nexus  
  27  4:24  Pylon  
  27  4:28  Pylon  
  27  4:35  Assimilator  
  27  4:39  Assimilator  
  27  5:07  Assimilator  
  27  5:08  Probe (Chrono Boost)  
  27  5:11  Assimilator  
  28  5:19  Probe (Chrono Boost)  
  29  5:31  Probe (Chrono Boost)  
  30  5:39  Probe (Chrono Boost)  
  30  5:42  Probe (Chrono Boost)  
  32  5:47  Stalker, Probe (Chrono Boost)  
  32  5:49  Probe (Chrono Boost)  
  36  5:52  Probe (Chrono Boost)  
  36  5:54  Stalker  
  39  5:57  Probe  
  40  6:05  Stalker  
  43  6:12  Probe (Chrono Boost)  
  43  6:14  Probe (Chrono Boost)  
  43  6:17  Zealot  
  46  6:23  Probe (Chrono Boost)  
  46  6:24  Zealot, Probe (Chrono Boost)  
  50  6:30  Probe (Chrono Boost)  
  50  6:31  Probe (Chrono Boost)  
  52  6:35  Zealot  
  52  6:36  Probe  
  55  6:44  Zealot  
  57  6:47  Twilight Council  
  57  6:48  Probe  
  57  6:51  Zealot  
  60  7:01  Robotics Facility  
  60  7:02  Zealot  
  62  7:11  Stalker  
  64  7:18  Stalker  
  66  7:39  Probe (Chrono Boost)  
  67  7:50  Probe (Chrono Boost)  
  68  7:54  Probe (Chrono Boost)  
  69  8:05  Probe  
  58  8:17  Probe  
  56  8:35  Probe (Chrono Boost)  
  57  8:45  Probe (Chrono Boost)  
  57  8:46  Probe (Chrono Boost)  
  59  8:53  Probe (Chrono Boost)  
  59  8:54  Probe (Chrono Boost)  
  61  8:57  Probe (Chrono Boost)  
  61  8:59  Robotics Facility  
  61  9:01  Probe  
  61  9:02  Robotics Facility  
  63  9:07  Charge  
  63  9:08  Probe  
  64  9:13  Probe, Warp Gate  
  64  9:15  Zealot x2  
  64  9:16  Zealot  
  71  9:20  Probe  
  71  9:23  Protoss Ground Weapons Level 1 (Chrono Boost)  
  72  9:41  Probe (Chrono Boost)  
  72  9:42  Zealot  
  72  9:43  Zealot  
  77  9:50  Probe (Chrono Boost)  
  78  10:00  Zealot  
  78  10:01  Robotics Bay  
  78  10:14  Assimilator  
  78  10:18  Assimilator  
  78  11:27  Pylon  
  78  11:29  Pylon  
  78  11:32  Pylon  
  78  11:36  Pylon  
  78  11:44  Colossus  
  78  11:45  Probe x2  
  86  11:47  Stalker x3  
  86  11:50  Colossus  
  86  11:53  Colossus  
  98  11:57  Probe x2  
  106  12:09  Probe x2  
  108  12:17  Stalker  
  108  12:21  Probe  
  110  12:37  Stalker  
  110  12:39  Probe x2  
  110  12:40  Stalker  
  108  12:47  Zealot  
  108  12:52  Probe  
  109  13:04  Extended Thermal Lance (Chrono Boost)  
  109  13:21  Stargate  
  109  13:24  Stargate  
  109  13:27  Pylon  
  109  13:33  Photon Cannon  
  109  13:35  Photon Cannon  
  109  13:37  Photon Cannon  
  109  13:45  Zealot x3  
  93  14:12  Stalker, Zealot x2  
  99  14:42  Nexus  
  99  14:45  Pylon  
  99  14:47  Pylon  
  99  14:49  Pylon  
  99  15:03  Probe  
  100  15:15  Pylon, Probe  
  100  15:18  Pylon  
  101  15:24  Void Ray x2  
  101  15:27  Probe  
  110  15:29  Pylon  
  110  15:39  Probe  
  111  15:44  Zealot x3  
  117  15:51  Probe  
  118  16:01  Colossus  
  118  16:02  Colossus  
  118  16:04  Colossus  
  118  16:07  Void Ray x2 (Chrono Boost)  
  118  16:11  Stalker x3  
Tags
 
Add a new tag
Caveats
  • Supply blocks, unpowered buildings, or Contaminate may cause inaccurate times.
  • Supply counts are checked every 10 seconds.